AoeStats
← alejobr0790

Arena

510203538Analyzed
2v2 RM · 1d ago on Sep 29, 2026· 19m 58s· 4 players
Game mode
Random Map
Map size
Medium (4 player)
Population
200
Speed
Normal
Resources
Standard
Victory
Conquest
Starting age
Dark Age
Ending age
Imperial Age
RankedLock teamsTeams togetherTeam positionsShared explorationLock speedFull tech treeHidden civsTurbo modeCheats
Victory
Defeat
🇨🇴 Turks · Colombia
1079
+12
🇨🇴 Magyars · Colombia
954
+18
🇺🇸 Tatars · United States
991
-15
🇬🇧 Huns · United Kingdom
985
-15
Randinator
11:51 Feudal Age
16:28 Castle Age
14:16 Double-Bit Axe
15:26 Stone Mining
16:47 Loom
AndySM2193
10:46 Feudal Age
15:35 Castle Age
14:16 Double-Bit Axe
alejobr0790
13:06 Feudal Age
16:55 Castle Age
15:26 Gold Mining
15:26 Double-Bit Axe
16:04 Horse Collar
Alkimista666
2:31 Loom
11:33 Feudal Age
17:10 Castle Age
15:50 Double-Bit Axe
Connection lost

Rejoining the realm…

Still unreachable

The connection could not be restored.

Session expired

The server has moved on; the page needs a fresh start.